 Dungeon Crawl Stone Soup version 0.22.1-1-ga44c0e5 (webtiles) character file.

1701 thomasnlv21 the Chopper (level 8, -6/111 HPs)
             Began as a Minotaur Berserker on Nov 2, 2018.
             Was a Priest of Trog.
             Killed from afar by an electric eel (8 damage)
             ... with a bolt of electricity
             ... on level 7 of the Dungeon.
             The game lasted 00:44:53 (6205 turns).

thomasnlv21 the Chopper (Minotaur Berserker)        Turns: 6205, Time: 00:44:54

Health: -6/111     AC: 15    Str: 28    XL:     8   Next: 73%
Magic:  7/7        EV:  8    Int:  4    God:    Trog [***...]
Gold:   282        SH:  8    Dex: 11    Spells: 7/7 levels left

rFire    . . .     SeeInvis .   a - +0 hand axe
rCold    . . .     Gourm    .   g - +1 buckler
rNeg     . . .     Faith    .   e - +0 plate armour (curse)
rPois    .         Spirit   .   (helmet restricted)
rElec    .         Reflect  .   (no cloak)
rCorr    +         Harm     .   j - +0 pair of gloves
MR       .....                  d - +0 pair of boots
Stlth    ..........             (no amulet)
HPRegen  0.28/turn              m - ring of resist corrosion
MPRegen  0.10/turn              r - ring of attention (curse)

@: berserking, very quick
A: retaliatory headbutt, horns 2, large bone plates 1, screaming 1, MP-powered
wands
a: Berserk, Trog's Hand, Renounce Religion


You were on level 7 of the Dungeon.
You worshipped Trog.
Trog was most pleased with you.
You were very hungry.

You visited 2 branches of the dungeon, and saw 8 of its levels.

You collected 282 gold pieces.

Inventory:

Hand Weapons
 a - a +0 hand axe (weapon)
Armour
 b - a +0 animal skin
 d - a +0 pair of boots (worn)
 e - a cursed +0 plate armour (worn)
 g - a +1 buckler (worn)
 i - a +0 chain mail
 j - a +0 pair of gloves (worn)
 o - a +3 ring mail
Jewellery
 m - a ring of resist corrosion (left hand)
 q - a +5 ring of intelligence
 r - a cursed ring of attention (right hand)
Wands
 p - a wand of flame (33)
 v - a wand of paralysis (11)
Scrolls
 h - 5 scrolls of identify
 k - a scroll of random uselessness
 l - 2 scrolls of teleportation
Potions
 f - a potion of flight
 n - a potion of mutation
 s - a potion of heal wounds
 u - 2 potions of haste
Comestibles
 c - 8 rations
 t - 7 chunks of flesh


   Skills:
 * Level 7.6 Fighting
 * Level 7.8 Axes
 * Level 7.0 Armour
 + Level 4.7 Dodging
 + Level 3.2 Stealth


You had 7 spell levels left.
You didn't know any spells.
Your spell library was empty.

Dungeon Overview and Level Annotations

Branches:
Dungeon (7/15)             Temple (1/1) D:5

Altars:
Ashenzari
Cheibriados
Dithmenos
Elyvilon
Fedhas
Gozag
Hepliaklqana
Kikubaaqudgha
Makhleb
Nemelex Xobeh
Okawaru
Qazlal
Ru
Sif Muna
Trog
Vehumet
Wu Jian
Xom
Yredelemnul
Zin
The Shining One


Innate Abilities, Weirdness & Mutations

You reflexively headbutt those who attack you in melee.
You have a pair of horns on your head.
You are partially covered in large bone plates. (SH +4)
You occasionally shout uncontrollably at your foes.
You expend magic power (3 MP) to strengthen your wands.


Message History

The sky beast hits you but does no damage.
The electric eel shoots out a bolt of lightning at you!
The bolt of electricity hits the sky beast.
The sky beast completely resists.
The bolt of electricity hits you!
* * * LOW HITPOINT WARNING * * *
You closely miss the sky beast. Your headbutt misses the sky beast.
The sky beast is almost dead.
The electric eel shoots out a bolt of lightning at you!
The bolt of electricity hits you!
* * * LOW HITPOINT WARNING * * *
You hit the sky beast.
The sky beast is almost dead.
You block the sky beast's attack.
The electric eel shoots out a bolt of lightning at you!
The bolt of electricity hits the sky beast.
The sky beast completely resists.
The bolt of electricity misses you.
Unknown command.
The electric eel shoots out a bolt of lightning at you!
The bolt of electricity hits you!
You die...

........###.## #.#
#.# #.# ###.........#
#.# ##.###.#
#.....#..## #.#
##P≈.##.# ###.♣♣♣♣♣#
#.# #≈≈≈..#.###[♣ #♣♣
♣♣♣ #.# #P≈♣......>.♣
≈P≈≈♣♣ #.#
#≈≈♣≈##.###.≈
≈≈≈;PP♣##.# ##P####.#
≈P..≈≈....#########.#
≈.....Y.@...........#
...=......###########
.≈≈≈≈.;P♣♣♣ ≈♣≈P≈≈P≈P
≈≈≈≈≈≈≈≈≈ P≈≈≈≈≈≈≈≈≈
≈≈≈≈≈≈≈≈♣≈
P≈≈≈≈≈♣♣♣..


You could see a sky beast and 2 electric eels.

Vanquished Creatures
  Pikel (D:7)
  An orc warrior (D:6)
  3 ice beasts
  2 slaves (D:7)
  A sky beast (D:5)
  A bullfrog (D:6)
  A water moccasin skeleton (D:7)
  A scorpion (D:6)
  2 howler monkeys (D:7)
  3 crimson imps
  A quasit (D:4)
  A jelly (D:5)
  A hound (D:6)
  4 orc wizards
  4 worker ants
  A hound zombie (D:5)
  A hound skeleton (D:4)
  7 adders
  A shadow imp (D:6)
  A worm (D:2)
  A dart slug (D:1)
  2 leopard geckos
  14 orcs
  A ball python (D:5)
  5 giant cockroaches
  6 goblins
  7 hobgoblins
  7 jackals
  2 quokkas
  6 bats
  8 frilled lizards
  8 kobolds
  A quokka skeleton (D:6)
  8 rats
  A spectral orc (D:4)
  A butterfly (D:5)
116 creatures vanquished.

Vanquished Creatures (others)
  2 orcs (D:7)
  2 plants (D:7)
4 creatures vanquished.

Grand Total: 120 creatures vanquished

Notes
Turn   | Place    | Note
-------+----------+-------------------------------------------
     0 | D:1      | thomasnlv21 the Minotaur Berserker began the quest for the
                  | Orb.
     0 | D:1      | Reached XP level 1. HP: 19/19 MP: 0/0
   333 | D:1      | Reached XP level 2. HP: 23/27 MP: 1/1
  1209 | D:2      | Reached XP level 3. HP: 32/33 MP: 2/2
  2181 | D:3      | Reached XP level 4. HP: 37/41 MP: 3/3
  2317 | D:3      | Reached ** piety under Trog
  2973 | D:4      | Found a basalt altar of Yredelemnul.
  3042 | D:4      | Noticed an ice beast
  3051 | D:4      | Killed an ice beast
  3051 | D:4      | Reached skill level 5 in Axes
  3051 | D:4      | Reached skill level 1 in Stealth
  3051 | D:4      | Reached XP level 5. HP: 47/47 MP: 4/4
  3153 | D:4      | Reached skill level 5 in Fighting
  3227 | D:4      | Reached XP level 6. HP: 56/56 MP: 5/5
  3826 | D:5      | Entered Level 5 of the Dungeon
  3848 | D:5      | Found a staircase to the Ecumenical Temple.
  3895 | Temple   | Entered the Ecumenical Temple
  4387 | D:5      | Found a stormy altar of Qazlal.
  4481 | D:5      | Gained mutation: You are partially covered in large bone
                  | plates. (SH +4) [potion of mutation]
  4481 | D:5      | Gained mutation: You occasionally shout uncontrollably at
                  | your foes. [potion of mutation]
  4481 | D:5      | Gained mutation: You expend magic power (3 MP) to
                  | strengthen your wands. [potion of mutation]
  4577 | D:5      | Noticed a sky beast
  4592 | D:5      | Killed a sky beast
  4592 | D:5      | Reached skill level 5 in Armour
  4592 | D:5      | Reached XP level 7. HP: 56/62 MP: 6/6
  4633 | D:5      | Found the +3 Elemental Staff {rElec rF++ rC++ MR++ AC+5}
  5007 | D:6      | Found an opulent altar of Gozag.
  5007 | D:6      | Found a blossoming altar of Fedhas.
  5008 | D:6      | Found an ornate altar of the Wu Jian Council.
  5729 | D:6      | Reached XP level 8. HP: 64/71 MP: 7/7
  5925 | D:7      | Reached *** piety under Trog
  6061 | D:7      | Noticed Pikel
  6080 | D:7      | Killed Pikel
  6203 | D:7      | HP: 2/111 [electric eel/bolt of electricity (12)]
  6205 | D:7      | Killed from afar by an electric eel

Skill      XL: |  1  2  3  4  5  6  7  8 |
---------------+-------------------------+-----
Axes           | 4 5 6 7 |  7.8
Fighting       | 4 5 6 7 |  7.6
Armour         | 3 4 5 6 7 |  7.0
Dodging        | 3 4 |  4.7
Stealth        | 1 2 3 |  3.2

Action                   |  1- 3 |  4- 6 |  7- 9 || total
-------------------------+-------+-------+-------++-------
Melee: Hand axe          |    92 |   135 |   149 ||   376
       Headbutt          |    10 |    27 |    22 ||    59
Invok: Berserk           |       |     3 |     4 ||     7
  Use: Potion            |     3 |     6 |       ||     9
       Scroll            |     2 |     3 |       ||     5
  Eat: Chunk             |     3 |    12 |     4 ||    19
       Ration            |       |       |     1 ||     1
Armor: Animal skin       |    12 |       |       ||    12
       Plate armour      |    26 |    93 |    65 ||   184
Dodge: Dodged            |    44 |    37 |    39 ||   120
Block: Buckler           |     5 |    24 |    45 ||    74
